 Dungeon Crawl Stone Soup version 0.24-a0-139-geb6712d (webtiles) character file.

10607 Laiders72 the Basher (level 11, -3/99 HPs)
             Began as a Minotaur Berserker on Oct 22, 2018.
             Was a High Priest of Trog.
             Shot with an arrow by a centaur (5 damage)
             ... on level 11 of the Dungeon on Mar 2, 2019.
             The game lasted 00:27:11 (9143 turns).

Laiders72 the Basher (Minotaur Berserker)           Turns: 9143, Time: 00:27:12

Health: -3/99      AC: 25    Str: 24    XL:     11   Next: 38%
Magic:  6/10       EV: 13    Int:  4    God:    Trog [*****.]
Gold:   556        SH:  0    Dex: 11    Spells: 10/10 levels left

rFire    . . .     SeeInvis .   D - +5 flail (protect)
rCold    . . .     Gourm    .   (no shield)
rNeg     + . .     Faith    .   G - +0 plate armour
rPois    .         Spirit   .   (helmet restricted)
rElec    .         Reflect  .   (no cloak)
rCorr    .         Harm     .   e - +0 pair of gloves
MR       ++...                  t - +1 pair of boots
Stlth    ..........             (no amulet)
HPRegen  1.26/turn              b - +2 ring of evasion
MPRegen  0.12/turn              B - ring of positive energy

@: protection aura, berserk cooldown, starving, regenerating, slowed, very slow
A: retaliatory headbutt, horns 2
a: Berserk, Trog's Hand, Brothers in Arms, Renounce Religion


You were on level 11 of the Dungeon.
You worshipped Trog.
Trog was extremely pleased with you.
You were starving.

You visited 1 branch of the dungeon, and saw 11 of its levels.

You collected 556 gold pieces.

Inventory:

Hand Weapons
 j - a +1 mace of venom
 D - a +5 flail of protection (weapon)
Missiles
 w - 12 tomahawks (quivered)
Armour
 e - a +0 pair of gloves (worn)
 i - a +0 leather armour of poison resistance
 t - a +1 pair of boots (worn)
 G - a +0 plate armour (worn)
Jewellery
 b - a +2 ring of evasion (left hand)
 B - a ring of positive energy (right hand)
Wands
 F - a wand of flame (18)
Scrolls
 d - 3 scrolls of identify
 f - 3 scrolls of remove curse
 h - 4 scrolls of amnesia {unknown}
 k - a scroll of fog
 l - 5 scrolls of teleportation
 m - a scroll of magic mapping {unknown}
 p - 2 scrolls of blinking
 q - a scroll of enchant weapon
 r - a scroll of noise {unknown}
 u - a scroll of acquirement {unknown}
 v - 3 scrolls of immolation {unknown}
 y - a scroll of enchant armour {unknown}
 I - a scroll of holy word {unknown}
 K - a scroll of vulnerability {unknown}
Potions
 a - 3 potions of flight
 g - a potion of heal wounds {unknown}
 n - a potion of brilliance {unknown}
 o - 2 potions of might
 s - 2 potions of mutation {unknown}
 x - a potion of resistance {unknown}
 z - 4 potions of curing
 A - a potion of lignification {unknown}
 C - 2 potions of berserk rage {unknown}
 E - a potion of agility {unknown}
 H - a potion of invisibility {unknown}
 J - 2 potions of cancellation {unknown}
Comestibles
 c - 14 rations
 L - 7 chunks of flesh


   Skills:
 - Level 10.0 Fighting
 - Level 14.0 Maces & Flails
 + Level 9.8 Armour
 + Level 9.1 Dodging


You had 10 spell levels left.
You didn't know any spells.
Your spell library was empty.

Dungeon Overview and Level Annotations

Branches:
Dungeon (11/15)            Temple (0/1) D:6             Orc (0/2) D:9
   Lair: D:8-11

Altars:
Ashenzari
Dithmenos
Gozag
Nemelex Xobeh
Uskayaw
Vehumet
Wu Jian
Zin

Shops:
D:8 %

Annotations:
D:11 1 transporter


Innate Abilities, Weirdness & Mutations

You reflexively headbutt those who attack you in melee.
You have a pair of horns on your head.


Message History

The four-headed hydra bites you.
* * * LOW HITPOINT WARNING * * *
Things that are here:
a +1 hand axe of chopping; a scroll of remove curse You swap places.
Your ogre hits the yak with a +0 giant club!!
The yak dies!
Trog accepts your kill.
The centaur wields a +2 shortbow of flaming.
It bursts into flame!
The centaur shoots an arrow.
The arrow hits your ogre! The arrow burns your ogre.
The centaur wields a +0 shortbow.
The centaur shoots an arrow.
The arrow hits you.
* * * LOW HITPOINT WARNING * * *
The centaur wields a +0 shortbow.
The centaur shoots an arrow.
The arrow hits your ogre! The four-headed hydra bites your ogre!
The four-headed hydra bites your ogre.
Your ogre dies!
Your ogre's corpse disappears in a puff of smoke!
The centaur shoots an arrow.
The arrow hits you.
You die...

... .# .# #... ....
.###... # #...
>..######.#..... #.#....
...##......[... ##.##..#
####..#..........
....#..###........c....#..
................).cc5.....
#..............@§DOc.l...
#..#........?.†Y†cl.l....
#..#.............Y5.H....
#.#)....##.....©Z........
#.#÷)......#########...##
##....##...##8.O9DT8##..#
......##...#c.$......#..#
......##...#.##.©.##.#..#
.....).....#.##...# .#..#


You could see a storm dragon, a four-headed hydra, a centaur warrior, a
two-headed ogre, a deep troll earth mage, a hippogriff, 2 yaks, 2 basilisks, a
gargoyle, an ogre, 5 centaurs, 2 shadow imps, a centaur zombie and a leopard
gecko.

Vanquished Creatures
  2 two-headed ogres
  A gargoyle (D:11)
  A troll (D:10)
  3 hippogriffs
  Sigmund (D:2)
  A wyvern (D:10)
  2 vampires
  10 yaks
  Edmund (D:6)
  2 water moccasins
  A swamp drake (D:9)
  2 orc warriors (D:9)
  4 sky beasts
  3 ice beasts
  9 ogres
  3 phantoms
  3 centaurs
  A crocodile (D:8)
  A big kobold (D:8)
  11 bullfrogs
  A wyvern zombie (D:9)
  2 scorpions
  3 killer bees (D:8)
  3 wights (D:7)
  7 howler monkeys
  3 bullfrog zombies
  A centaur zombie (D:8)
  3 crimson imps
  7 hounds
  3 jellies
  A quasit (D:8)
  2 bullfrog skeletons
  2 centaur skeletons
  4 orc priests
  10 orc wizards
  3 iguanas
  10 worker ants
  A hound zombie (D:7)
  2 hound skeletons
  8 adders
  2 shadow imps
  4 worms
  9 dart slugs (D:4)
  8 leopard geckos
  38 orcs
  7 bats
  4 giant cockroaches
  6 goblins
  8 hobgoblins
  16 jackals
  14 kobolds
  2 quokkas
  A ball python (D:7)
  5 frilled lizards
  14 rats
276 creatures vanquished.

Vanquished Creatures (collateral kills)
  2 yaks (D:11)
  Menkaure (D:7)
  3 orc warriors
  An ogre (D:6)
  2 wights (D:7)
  A crimson imp (D:11)
  An orc priest (D:7)
  3 orcs
14 creatures vanquished.

Grand Total: 290 creatures vanquished

Notes
Turn   | Place    | Note
-------+----------+-------------------------------------------
     0 | D:1      | Laiders72 the Minotaur Berserker began the quest for the
                  | Orb.
     0 | D:1      | Reached XP level 1. HP: 19/19 MP: 0/0
    74 | D:1      | Reached skill level 4 in Maces & Flails
    78 | D:1      | Reached XP level 2. HP: 20/27 MP: 1/1
   643 | D:1      | Reached XP level 3. HP: 28/33 MP: 2/2
   644 | D:1      | Reached ** piety under Trog
  1130 | D:2      | Upgraded the game from 0.23-a0-358-g98c7a59 to
                  | 0.24-a0-139-geb6712d
  1200 | D:2      | Reached skill level 5 in Maces & Flails
  1234 | D:2      | Noticed Sigmund
  1238 | D:2      | Reached XP level 4. HP: 41/41 MP: 3/3
  1243 | D:2      | Killed Sigmund
  1243 | D:2      | Reached skill level 5 in Fighting
  1243 | D:2      | Reached skill level 6 in Maces & Flails
  1243 | D:2      | Reached XP level 5. HP: 46/48 MP: 4/4
  1333 | D:2      | Reached skill level 7 in Maces & Flails
  1340 | D:2      | Reached XP level 6. HP: 56/56 MP: 5/5
  2209 | D:3      | Reached *** piety under Trog
  3518 | D:4      | Reached skill level 8 in Maces & Flails
  3518 | D:4      | Reached XP level 7. HP: 54/63 MP: 6/6
  4068 | D:5      | Entered Level 5 of the Dungeon
  4258 | D:5      | Reached skill level 9 in Maces & Flails
  4275 | D:5      | Reached **** piety under Trog
  4295 | D:5      | Found an ornate altar of the Wu Jian Council.
  4424 | D:5      | Found an opulent altar of Gozag.
  4540 | D:5      | Reached XP level 8. HP: 10/73 MP: 7/7
  4665 | D:5      | Reached skill level 10 in Maces & Flails
  4946 | D:6      | Reached skill level 11 in Maces & Flails
  5118 | D:6      | Noticed Edmund
  5135 | D:6      | Killed Edmund
  5169 | D:6      | Noticed a two-headed ogre
  5177 | D:6      | Killed a two-headed ogre
  5177 | D:6      | Reached skill level 12 in Maces & Flails
  5177 | D:6      | Reached XP level 9. HP: 58/84 MP: 8/8
  5275 | D:6      | Found a staircase to the Ecumenical Temple.
  5687 | D:6      | Found a sparkling altar of Nemelex Xobeh.
  5687 | D:6      | Found a radiant altar of Vehumet.
  5692 | D:6      | Found a glowing silver altar of Zin.
  5694 | D:6      | Found a hide-covered altar of Uskayaw.
  5695 | D:6      | Found a shattered altar of Ashenzari.
  5753 | D:7      | Reached skill level 13 in Maces & Flails
  5756 | D:7      | Reached skill level 10 in Fighting
  5823 | D:7      | Noticed Menkaure
  5824 | D:7      | Killed Menkaure
  5918 | D:7      | Reached skill level 14 in Maces & Flails
  6060 | D:7      | Found a shadowy altar of Dithmenos.
  6269 | D:8      | Reached XP level 10. HP: 92/93 MP: 9/9
  6364 | D:8      | Reached ***** piety under Trog
  6479 | D:8      | Reached skill level 5 in Armour
  6510 | D:8      | Found Emuamp's Food Emporium.
  6910 | D:9      | Reached skill level 5 in Dodging
  7443 | D:9      | Noticed a two-headed ogre
  7451 | D:9      | Killed a two-headed ogre
  7672 | D:9      | Found a staircase to the Orcish Mines.
  8176 | D:10     | Entered Level 10 of the Dungeon
  8222 | D:10     | Reached XP level 11. HP: 54/99 MP: 10/10
  9034 | D:11     | Noticed a centaur warrior
  9034 | D:11     | Noticed a two-headed ogre
  9035 | D:11     | Noticed a storm dragon
  9037 | D:11     | Noticed a deep troll earth mage
  9085 | D:11     | Received a gift from Trog
  9108 | D:11     | Found a transporter.
  9123 | D:11     | Noticed a four-headed hydra
  9142 | D:11     | HP: 4/99 [four-headed hydra (1)]
  9143 | D:11     | Shot with an arrow by a centaur

Levels and vault maps discovered:
D:1:      wheals_arrival_shading, minmay_domino_4
D:2:      uniq_sigmund
D:3:      layout_basic, serial_co_window_serial, co_window_paths_a,
          co_window_of_opportunity_a, co_window_corner_a, co_window_paths_a,
          co_window_paths_a, co_window_broadway_b, co_window_broadway_a,
          co_window_unsneaky_path_c, glass_columns_c
D:4:      kennysheep_slugbush, layout_basic, first_ration
D:5:      layout_basic, grunt_gozag_statues, lemuel_coloured_pillars_altar
D:6:      layout_basic, chequers_temple_overflow_minitemple,
          minmay_temple_entry_statues_fountains, grunt_ministairs_2,
          kennysheep_decorative_pillar, uniq_edmund
D:7:      layout_basic, marbit_many_paths, uniq_menkaure
D:8:      layout_cave_pools, serial_shops, shop
D:9:      layout_basic, erik_orc_1
D:10:     layout_stronghold
D:11:     gammafunk_sealed_arena, layout_rooms, david_lair_generic,
          hangedman_fish_farm, dpeg_stationary_puzzle

Skill      XL: |  1  2  3  4  5  6  7  8  9 10 11 |
---------------+----------------------------------+-----
Maces & Flails | 4 5 6 7 8 9 12 14 | 14.0
Fighting       | 4 5 6 7 9 10 | 10.0
Armour         | 3 8 9 |  9.8
Dodging        | 7 9 |  9.1

Action                   |  1- 3 |  4- 6 |  7- 9 | 10-12 || total
-------------------------+-------+-------+-------+-------++-------
Melee: Mace              |    90 |    97 |   138 |       ||   325
       Headbutt          |     8 |    23 |    43 |    70 ||   144
       Flail             |       |       |    88 |   314 ||   402
Invok: Berserk           |     1 |       |     3 |     1 ||     5
       Trog's Hand       |     1 |       |     2 |     1 ||     4
       Brothers in Arms  |       |       |     2 |     1 ||     3
  Use: Scroll            |       |     2 |     4 |     6 ||    12
  Eat: Chunk             |     1 |     8 |    13 |     9 ||    31
Armor: Animal skin       |    15 |       |       |       ||    15
       Leather armour    |     9 |    31 |    33 |       ||    73
       Plate armour      |       |       |    19 |   238 ||   257
Dodge: Dodged            |    69 |    85 |   142 |   217 ||   513

Table legend:
 A = Non-vault XP
 B = Vault XP
 C = Vault XP percentage of total XP
 D = Non-vault monster count
 E = Vault monster count
 F = Vault count percentage of total count
                 A         B        C        D         E       F
            +---------+---------+-------+---------+---------+-------
      Total |   13878 |    1275 |   8.4 |     255 |      35 |  12.1
            +---------+---------+-------+---------+---------+-------
        D:1 |      43 |       6 |  12.2 |      26 |       4 |  13.3
        D:2 |     166 |     246 |  59.7 |      31 |       1 |   3.1
        D:3 |      67 |       0 |   0.0 |      24 |       0 |   0.0
        D:4 |     323 |      36 |  10.0 |      12 |       9 |  42.9
        D:5 |     684 |       0 |   0.0 |      17 |       0 |   0.0
        D:6 |    2079 |     321 |  13.4 |      23 |       3 |  11.5
        D:7 |    1402 |      86 |   5.8 |      29 |       1 |   3.3
        D:8 |    1755 |       0 |   0.0 |      37 |       0 |   0.0
        D:9 |    2753 |     580 |  17.4 |      23 |      17 |  42.5
       D:10 |    1754 |       0 |   0.0 |      12 |       0 |   0.0
       D:11 |    2852 |       0 |   0.0 |      21 |       0 |   0.0
            +---------+---------+-------+---------+---------+-------
